Map: New Repugnancy LE

Players

FireZerg

  • Race: Zerg Zerg
  • League: Grandmaster
  • Spawn Location: 1:00

Goomba - Winner!

  • Race: Terran Terran
  • League: Grandmaster
  • Spawn Location: 7:00

VOD

Have the link to the VOD?

Description

Widow mines as a counter to heavy roach play with cyclones as primary mid-game damage.

Time

  • Played on: Feb. 10, 2019, 3:39 a.m.
  • Length: 12:38
Show
View Real Time Build Order
Export as new Build Order

FireZerg Zerg 

Build Orders: Hatch First 

Get SALT Encoding   

  12  0:00  Drone  
  13  0:13  Overlord  
  13  0:16  Drone  
  14  0:32  Drone x2  
  16  0:50  Hatchery  
  16  0:52  Drone  
  16  0:55  Drone  
  17  0:59  Drone  
  18  1:07  Extractor  
  17  1:15  Spawning Pool  
  17  1:18  Drone  
  17  1:21  Drone  
  18  1:30  Drone  
  19  1:41  Overlord  
  19  2:02  Queen x2  
  19  2:04  Zergling x4  
  19  2:05  Zergling x2  
  26  2:08  Metabolic Boost  
  26  2:12  Drone  
  26  2:14  Drone  
  28  2:24  Drone x2  
  30  2:37  Overlord  
  30  2:46  Pneumatized Carapace  
  30  2:48  Drone x3  
  33  2:54  Queen  
  33  2:57  Drone  
  33  2:58  Drone  
  37  3:06  Zergling x2  
  38  3:15  Drone x3  
  40  3:31  Hatchery  
  39  3:34  Drone  
  39  3:37  Overlord  
  39  3:40  Queen x2  
  39  3:41  Overlord  
  44  4:02  Drone x2  
  46  4:03  Drone x6  
  46  4:04  Drone  
  46  4:07  Zergling x2  
  54  4:18  Drone, Roach Warren  
  54  4:19  Extractor  
  54  4:21  Queen x2  
  54  4:23  Zergling x4  
  59  4:27  Overlord  
  59  4:29  Overlord  
  59  4:41  Zergling x2  
  59  4:44  Drone x5  
  65  4:45  Queen  
  65  4:48  Drone  
  68  4:54  Zergling x2  
  68  4:55  Zergling x4  
  71  5:03  Lair  
  71  5:06  Drone  
  72  5:10  Evolution Chamber, Roach x4  
  72  5:13  Roach  
  81  5:18  Overlord  
  81  5:19  Overlord  
  81  5:33  Overlord x2  
  81  5:37  Zerg Missile Weapons Level 1  
  81  5:40  Extractor  
  81  5:42  Roach x2  
  92  5:43  Roach x4  
  92  5:48  Drone x2, Extractor  
  93  5:51  Drone x3  
  96  5:58  Roach x4  
  96  6:01  Zergling x2  
  105  6:16  Roach  
  105  6:17  Roach x4  
  108  6:26  Roach x3  
  108  6:29  Overlord x2  
  108  6:30  Overlord  
  108  6:32  Ravager  
  114  6:42  Glial Reconstitution  
  114  6:45  Overlord x2  
  114  6:50  Roach x2  
  114  6:51  Roach x4  
  126  6:57  Drone x2  
  128  7:11  Zergling x2  
  128  7:12  Zergling x16  
  138  7:15  Ravager  
  138  7:16  Ravager x2  
  138  7:18  Roach  
  138  7:19  Roach x2  
  145  7:22  Overseer  
  145  7:31  Roach x4  
  145  7:33  Zergling x2  
  145  7:34  Overlord  
  145  7:35  Overlord  
  145  7:36  Overlord  
  144  7:56  Roach x9  
  147  8:04  Roach x4  
  130  8:11  Zergling x10  
  127  8:17  Zergling x8  
  119  8:22  Roach x2  
  119  8:29  Roach  
  119  8:31  Ravager x3  
  119  8:33  Zergling x8  
  128  8:43  Roach x5  
  134  8:54  Roach  
  134  8:55  Roach x2  
  134  9:01  Roach x6  
  134  9:07  Drone x4  
  134  9:09  Drone  
  117  9:22  Drone x6  
  123  9:37  Extractor  
  123  9:38  Extractor  
  121  9:39  Drone  
  121  9:40  Zerg Missile Weapons Level 2  
  121  9:41  Hydralisk Den  
  121  9:43  Ravager  
  121  9:44  Ravager  
  123  9:49  Hatchery  
  122  10:00  Roach x9  
  138  10:07  Spine Crawler  
  138  10:09  Drone x6  
  143  10:15  Overseer  
  143  10:19  Drone x4  
  144  10:21  Overseer  
  144  10:24  Spore Crawler  
  144  10:25  Spore Crawler  
  144  10:27  Drone x2  
  133  10:44  Drone, Infestation Pit, Grooved Spines  
  133  10:45  Drone x4  
  133  10:49  Drone x2  
  135  10:52  Drone x2  
  137  11:02  Drone  
  138  11:05  Drone x3  
  138  11:06  Drone x5  
  146  11:13  Ravager x2  
  146  11:14  Ravager x6  
  154  11:27  Hydralisk x4  
  154  11:29  Spore Crawler  
  154  11:32  Spore Crawler  
  157  11:48  Extractor  
  157  11:49  Drone x5, Extractor  
  160  11:55  Drone x2  
  160  11:56  Drone  
  160  11:58  Hatchery  
  162  12:02  Hydralisk  
  162  12:03  Hydralisk x3  
  163  12:10  Drone x6  
  167  12:20  Ravager x5  
  167  12:21  Ravager  
Show
View Real Time Build Order
Export as new Build Order

Goomba Terran - Winner!

Build Orders: Reaper Expand, Mech 

Get SALT Encoding   

  12  0:01  SCV  
  13  0:13  SCV  
  14  0:18  Supply Depot  
  14  0:25  SCV  
  15  0:39  SCV  
  15  0:40  Barracks  
  16  0:44  Refinery  
  16  0:51  SCV  
  17  1:03  SCV  
  18  1:16  SCV  
  19  1:28  Reaper, Orbital Command  
  20  1:43  Command Center  
  20  1:53  Supply Depot  
  20  1:54  SCV  
  20  1:59  Refinery  
  21  2:03  Reaper  
  21  2:06  SCV  
  23  2:18  SCV  
  23  2:22  Factory  
  24  2:31  SCV  
  25  2:37  Barracks Reactor  
  25  2:43  SCV  
  26  2:53  Factory  
  26  2:55  SCV  
  26  2:56  Orbital Command  
  27  3:07  SCV  
  28  3:19  SCV  
  29  3:20  Hellion  
  29  3:21  Hellion  
  29  3:23  SCV  
  29  3:26  Barracks Tech Lab  
  34  3:31  SCV  
  35  3:35  SCV  
  35  3:36  Supply Depot  
  36  3:42  Hellion x2  
  36  3:43  SCV  
  36  3:47  SCV  
  42  3:49  Cyclone, Mag-Field Accelerator  
  45  3:57  Supply Depot, Factory  
  45  3:58  Barracks Tech Lab  
  45  4:01  Supply Depot, SCV  
  46  4:03  SCV  
  47  4:10  Hellion  
  47  4:13  Hellion, SCV  
  47  4:15  SCV  
  53  4:23  Cyclone  
  56  4:25  SCV  
  56  4:27  SCV  
  58  4:32  Armory  
  58  4:35  Hellion  
  58  4:36  Hellion  
  62  4:38  SCV  
  62  4:39  SCV  
  64  4:46  Supply Depot  
  64  4:50  SCV  
  64  4:51  Cyclone, SCV  
  69  5:02  SCV  
  70  5:07  Supply Depot  
  70  5:08  SCV  
  70  5:09  Refinery  
  70  5:10  Command Center  
  70  5:12  Supply Depot  
  71  5:15  SCV  
  71  5:17  Hellion x2  
  71  5:20  SCV  
  77  5:21  Refinery  
  77  5:24  Supply Depot  
  77  5:27  SCV  
  78  5:29  Cyclone  
  78  5:32  SCV  
  82  5:36  Cyclone  
  82  5:39  SCV  
  82  5:41  Engineering Bay  
  86  5:44  SCV, Terran Vehicle Weapons Level 1  
  86  5:48  Hellion  
  89  5:52  Hellion  
  89  5:53  SCV  
  89  5:56  Supply Depot, SCV  
  93  5:58  Supply Depot  
  93  6:05  Cyclone  
  96  6:13  Refinery  
  96  6:17  Cyclone  
  99  6:18  Refinery  
  99  6:26  SCV x2  
  101  6:35  Barracks Tech Lab  
  101  6:37  Cyclone  
  101  6:38  SCV, Factory  
  101  6:39  SCV, Factory  
  106  6:44  Orbital Command  
  106  6:50  SCV  
  106  6:51  SCV  
  106  6:54  Widow Mine x2, Siege Tank  
  113  6:57  Drilling Claws  
  115  7:03  SCV x2  
  115  7:04  Barracks Reactor  
  115  7:07  Supply Depot x2  
  117  7:09  Siege Tank  
  117  7:10  SCV  
  117  7:15  SCV x2  
  123  7:22  Widow Mine x2, SCV  
  128  7:26  Siege Tank  
  128  7:27  Starport, SCV x2  
  131  7:32  Siege Tank  
  131  7:35  SCV  
  131  7:50  Hellion x2, Siege Tank  
  131  7:51  Widow Mine x2  
  126  8:00  Siege Tank  
  126  8:04  Hellion  
  107  8:11  Hellion  
  98  8:15  SCV x2  
  98  8:16  SCV  
  84  8:22  Cyclone  
  84  8:25  Cyclone  
  89  8:27  SCV  
  89  8:28  Widow Mine x3, SCV x2  
  98  8:37  Starport Reactor  
  98  8:39  SCV  
  98  8:40  SCV x2  
  101  8:43  Siege Tank  
  101  8:44  Widow Mine  
  104  8:49  Widow Mine  
  104  8:52  SCV x3  
  104  8:53  Hellion x2  
  104  8:54  Siege Tank  
  113  9:00  Widow Mine  
  114  9:04  SCV x3  
  114  9:05  Widow Mine  
  111  9:11  Widow Mine  
  111  9:12  Refinery  
  111  9:14  Widow Mine x2  
  111  9:15  Widow Mine, Medivac x2  
  111  9:16  SCV x3  
  126  9:18  Command Center  
  126  9:19  Supply Depot  
  126  9:21  Hellion  
  126  9:22  Supply Depot  
  128  9:28  SCV x3  
  128  9:29  Missile Turret  
  131  9:33  Widow Mine  
  131  9:37  Supply Depot x2  
  131  9:38  Supply Depot  
  133  9:40  Widow Mine, Siege Tank x2  
  133  9:42  Armory  
  133  9:43  SCV x2, Missile Turret  
  143  9:51  Liberator x2  
  143  9:56  Widow Mine x2  
  143  10:05  Siege Tank  
  148  10:12  Supply Depot, Siege Tank  
  148  10:14  Supply Depot  
  153  10:15  Supply Depot  
  153  10:29  Hellion x4, Siege Tank  
  153  10:32  SCV x3  
  161  10:36  Supply Depot  
  161  10:37  Siege Tank  
  156  10:45  Hellion, Refinery  
  156  10:49  Refinery  
  156  10:50  Widow Mine  
  156  10:51  Widow Mine  
  156  10:52  Fusion Core, Starport  
  156  10:53  Planetary Fortress  
  158  11:15  Thor x2  
  158  11:16  Hellion x4  
  178  11:26  Missile Turret  
  178  11:27  Missile Turret  
  176  11:34  Hellion  
  176  11:37  Hellion x2  
  182  11:45  SCV x2  
  182  11:46  SCV  
  179  11:52  Command Center  
  192  12:14  Starport Tech Lab  
  188  12:17  Starport  
Tags
 
Add a new tag
Caveats
  • Supply blocks, unpowered buildings, or Contaminate may cause inaccurate times.
  • Supply counts are checked every 10 seconds.